 Dungeon Crawl Stone Soup version 0.13-a0-2531-g2ad9301 (webtiles) character file.

457 4tharraofdagon the Poker (level 6, -2/62 HPs)
             Began as a Djinni Berserker on July 26, 2013.
             Was a Priest of Trog.
             Slain by an orc wizard
             ... wielding a -1,+0 orcish dagger
              (4 damage)
             ... on Level 6 of the Dungeon.
             The game lasted 00:04:25 (1185 turns).

4tharraofdagon the Poker (Djinni Berserker)         Turns: 1185, Time: 00:04:26

HP  -2/62        AC 17     Str 21      XL: 6   Next: 18%
MP   0/0         EV  2     Int  8      God: Trog [***...]
Gold 145         SH  0     Dex 10      Spells:  0 memorised,  5 levels left

Res.Fire  : + + +   See Invis. : .   a - +0 spear {=f}
Res.Cold  : x . .   Warding    : .   o - melded +1 orc leather armour
Life Prot.: + + +   Conserve   : .   (no shield)
Res.Poison: +       Res.Corr.  : .   (no helmet)
Res.Elec. : +       Clarity    : .   (no cloak)
Sust.Abil.: . .     Spirit.Shd : .   (gloves currently unavailable)
Res.Mut.  : .       Stasis     : .   (boots unavailable)
Res.Rott. : +       Flight     : .   (no amulet)
Saprovore : . . .                    (no ring)
                                     (no ring)

@: statue-form (expiring), very slow, slightly resistant to hostile
enchantments, unstealthy
A: no striking features
a: Burn Spellbooks, Berserk, Trog's Hand, Renounce Religion


You were on level 6 of the Dungeon.
You worshipped Trog.
Trog was greatly pleased with you.
You were not hungry.
You were a stone statue.
You visited 1 branch of the dungeon, and saw 6 of its levels.

You collected 125 gold pieces.

Inventory:

Hand weapons
 a - a +0,+0 spear (weapon) {=f}
Armour
 b - a +0 animal skin
 j - a +2 robe of positive energy
 o - a +1 orcish leather armour (melded)
Magical devices
 c - a wand of lightning (6)
 i - a wand of polymorph (4)
Scrolls
 e - 3 scrolls of identify {unknown}
 g - a scroll of blinking {unknown}
 h - a scroll of fear {unknown}
 l - a scroll of curse armour {unknown}
 m - 2 scrolls of remove curse {unknown}
 n - a scroll of enchant weapon I {unknown}
 p - a scroll of recharging {unknown}
 q - 2 scrolls of teleportation {unknown}
Jewellery
 d - an uncursed ring of protection from fire {unknown}
Potions
 k - a potion of experience {unknown}


   Skills:
 + Level 4.0 Fighting
 * Level 5.7 Polearms
 + Level 4.0 Armour
 - Level 1.7 Dodging


You had 5 spell levels left.
You didn't know any spells.

Dungeon Overview and Level Annotations

Branches:
Dungeon (6/27)
 Temple: D:4-7          Orc: D:6-11

Altars:
Fedhas

Portals:
Ziggurat: D:6 (3260 gp)

Annotations
D:6 Pikel


Message History

* * * LOW HITPOINT WARNING * * *
The crimson imp blinks!
An orc wizard comes into view. It is wielding an orcish dagger.
The orc wizard mumbles some strange words.
The orc wizard seems to speed up.
The bat hits you but does no damage.
The crimson imp blinks!
The adder bites you.
* * * LOW HITPOINT WARNING * * *
Unknown command.
The orc wizard hits you but does no damage.
The adder barely misses you.
A bat comes into view.
Unknown command.
You puncture the orc wizard!
The orc wizard is severely wounded.
Your transformation is almost over.
The orc wizard hits you but does no damage.
The adder bites you but does no damage.
The orc wizard hits you with an orcish dagger.
You die...

### ... .... ..>. #..
.....
####b.#########......
.....5...............
........@l.l.........
....(...Y...@..........
..#...@S#.....#...
.#.###8#K###Z# .
.#....o#.o.Z.#
.......#.....#..Z..#
.......#.###.#(###?#
#.##...#...Z.#..Z..#
#.........#.....#
#.##......#.###?#
#.##......#.....#
#.##.........#.....#


You could see a yak, 2 slaves, an iguana, an orc wizard, a crimson imp, an adder
and a bat.

Vanquished Creatures
  An ice beast (D:6)
  An orc priest (D:4)
  A hound (D:6)
  An orc wizard (D:4)
  Ijyb (D:3)
  Jessica (D:2)
  3 adders
  A giant mite (D:5)
  3 giant geckos
  5 orcs
  2 ball pythons (D:2)
  3 bats (D:1)
  4 giant cockroaches
  5 goblins
  2 hobgoblins
  4 jackals (D:2)
  A quokka (D:4)
  3 giant newts
  6 kobolds
  A kobold skeleton (D:4)
  A rat (D:3)
50 creatures vanquished.

Notes
Turn   | Place    | Note
--------------------------------------------------------------
     0 | D:1      | 4tharraofdagon, the Djinni Berserker, began the quest for the Orb.
     0 | D:1      | Reached XP level 1. HP: 16/16 MP: 0/0
   143 | D:1      | Reached XP level 2. EP: 9/22
   276 | D:2      | Noticed Jessica
   295 | D:2      | Killed Jessica
   295 | D:2      | Reached skill level 4 in Polearms
   295 | D:2      | Reached XP level 3. EP: 29/29
   435 | D:2      | Found a blossoming altar of Fedhas.
   575 | D:2      | Acquired Trog's second power
   727 | D:3      | Noticed Ijyb
   737 | D:3      | Killed Ijyb
   737 | D:3      | Reached XP level 4. EP: 35/35
   997 | D:4      | Reached skill level 5 in Polearms
   997 | D:4      | Reached XP level 5. EP: 21/41
  1058 | D:5      | Entered Level 5 of the Dungeon
  1086 | D:6      | Found a gateway to a ziggurat.
  1139 | D:6      | Noticed an ice beast
  1154 | D:6      | Killed an ice beast
  1154 | D:6      | Reached XP level 6. EP: 49/49
  1159 | D:6      | Noticed a yak
  1171 | D:6      | Noticed a slave
  1172 | D:6      | Noticed a slave
  1173 | D:6      | Noticed Pikel
  1173 | D:6      | Noticed a slave
  1175 | D:6      | Noticed a slave
  1177 | D:6      | HP: 3/62 [yak (5)]
  1182 | D:6      | HP: 3/62 [adder (2)]
  1185 | D:6      | Slain by an orc wizard

Action                   |  1- 3 |  4- 6 || total
-------------------------+-------+-------++-------
Melee: Spear             |   137 |    79 ||   216
       Unarmed           |     8 |       ||     8
Invok: Berserk           |     3 |     3 ||     6
       Trog's Hand       |       |     1 ||     1
Evoke: Wand              |       |     2 ||     2
  Use: Potion            |       |     2 ||     2
 Stab: Sleeping          |     1 |       ||     1
